 Dungeon Crawl Stone Soup version 0.32-a0-7-ge934b4519a (webtiles) character file.

Game seed: 18366715082880297679

124 veles2001 the Slasher (level 5, 0/55 HPs)
             Began as a Human Berserker on Jan 14, 2024.
             Was a Believer of Trog.
             Succumbed to an adder's poison
             ... on level 4 of the Dungeon.
             The game lasted 00:07:21 (2875 turns).

veles2001 the Slasher (Human Berserker)             Turns: 2875, Time: 00:07:22

Health: 0/55       AC:  8    Str: 20    XL:     5   Next: 8%
Magic:  5/5        EV: 10    Int:  7    God:    Trog [**....]
Gold:   142        SH:  0    Dex: 12    Spells: 4/4 levels left

rFire   . . .        a - +0 falchion
rCold   . . .        (no shield)
rNeg    . . .        h - +0 scale mail
rPois   .            g - +1 helmet
rElec   .            (no cloak)
rCorr   .            (no gloves)
SInv    .            (no boots)
Will    .....        (no amulet) Stlth
                     (no ring)
HPRegen 0.29/turn    (no ring)
MPRegen 0.09/turn

%: no passive effects
@: berserking, lethally poisoned (0 -> -10), very quick
A: explore regen, hooves 1, frail 1, subdued magic 1
a: Renounce Religion, Berserk, Trog's Hand


You were on level 4 of the Dungeon.
You worshipped Trog.
Trog was pleased with you.
You visited 1 branch of the dungeon, and saw 4 of its levels.

You collected 142 gold pieces.

Inventory:

Hand Weapons
 a - a +0 falchion (weapon)
 d - a +0 short sword of holy wrath
 k - a +1 short sword of chaos
Armour
 b - a +0 animal skin
 g - a +1 helmet (worn)
 h - a +0 scale mail (worn)
Magical Staves
 c - a staff of conjuration
Jewellery
 e - a ring of positive energy
Scrolls
 j - a scroll of identify
Potions
 f - 2 potions of heal wounds
 i - a potion of lignification
 l - a potion of curing {unknown}


   Skills:
 + Level 3.7 Fighting
 + Level 4.0 Long Blades
 + Level 2.5 Armour
 * Level 2.6 Dodging
 * Level 1.6 Stealth


You had 4 spell levels left.
You didn't know any spells.
Your spell library contained the following spells:

 Spells                   Type           Power      Damage    Failure   Level
 Ensorcelled Hibernation  Hex/Ice        0%         N/A       88%         2
 Fugue of the Fallen      Necr           0%         N/A       98%         3
 Anguish                  Hex/Necr       0%         N/A       100%        4


Dungeon Overview and Level Annotations

Branches:
Dungeon (4/15)
 Temple: D:4-7

Altars:
Xom

Shops:
D:1 :


Innate Abilities, Weirdness & Mutations

You regain HP and MP as you explore.
You have large cloven feet.
You are frail. (-10% HP)
Your spells are a little easier to cast, but a little less powerful.


Message History

Trog accepts your kill.
The orc throws a poisoned dart.
The poisoned dart hits you!
You are poisoned.
An adder comes into view.
You feel sick.
The adder hisses angrily.
The orc hits you with the +12 flail of Desperation {pain, rC+ Int+3 Stlth+}!
There is an open door here.
You closely miss the orc.
You feel sick.
The orc hits you with the +12 flail of Desperation {pain, rC+ Int+3 Stlth+}.
You writhe in agony.
You closely miss the orc. You kick the orc.
The orc is moderately wounded.
You feel sick. The adder bites you.
* * * LOW HITPOINT WARNING * * *
You are more poisoned.
The adder poisons you!
The orc hits you with the +12 flail of Desperation {pain, rC+ Int+3 Stlth+}.
* * * LOW HITPOINT WARNING * * *
A red film seems to cover your vision as you go berserk!
You feel yourself moving faster!
You feel mighty!
* * * LOW HITPOINT WARNING * * *
You feel sick. The adder bites you but does no damage.
The orc barely misses you. The adder bites you but does no damage.
You barely miss the orc. Your kick misses the orc.
The orc is moderately wounded.
* * * LOW HITPOINT WARNING * * *
You feel sick. The orc barely misses you. The adder bites you.
* * * LOW HITPOINT WARNING * * *
You are more poisoned.
The adder poisons you!
You slash the orc!
You kill the orc!
Trog accepts your kill.
* * * LOW HITPOINT WARNING * * *
You feel sick. The adder closely misses you.
You slash the adder!
You kill the adder!
Trog accepts your kill.
You die...

######### ###### #........
#....# #........ #....#
#........ #....# #....<...
.[.#######....####........
.........@)...'..'........
.....#####....####........
... #.......#........ .
+................
###......######## #......#
#......# #......# #o....(#


There were no monsters in sight!

Vanquished Creatures
  Terence (D:3)
  5 adders
  A dart slug (D:2)
  3 ribbon worms
  An orc (D:4)
  6 bats
  6 endoplasms
  4 goblins
  3 hobgoblins
  6 kobolds
  2 quokkas (D:2)
  6 ball pythons
  4 frilled lizards
  3 rats
51 creatures vanquished.

Notes
Turn   | Place    | Note
-------+----------+-------------------------------------------
     0 | D:1      | veles2001 the Human Berserker began the quest for the Orb.
     0 | D:1      | Reached XP level 1. HP: 18/18 MP: 1/1
   262 | D:1      | Reached XP level 2. HP: 18/24 MP: 2/2
   533 | D:1      | Found Solom's Book Emporium.
   800 | D:2      | Reached XP level 3. HP: 29/29 MP: 3/3
   936 | D:2      | Reached ** piety under Trog
  1338 | D:2      | Reached skill level 1 in Stealth
  1588 | D:3      | Gained mutation: You are frail. (-10% HP) [potion of
                  | mutation]
  1588 | D:3      | Gained mutation: Your spells are a little easier to cast,
                  | but a little less powerful. [potion of mutation]
  1588 | D:3      | Gained mutation: You have large cloven feet. [potion of
                  | mutation]
  1601 | D:3      | Found a large runed translucent door.
  1601 | D:3      | Found a large runed translucent door.
  1610 | D:3      | Found a shimmering altar of Xom.
  1643 | D:3      | Reached XP level 4. HP: 25/32 MP: 4/4
  1814 | D:3      | Found a faded altar of an unknown god.
  2081 | D:3      | Noticed Terence
  2088 | D:3      | Killed Terence
  2218 | D:3      | Reached skill level 4 in Long Blades
  2418 | D:3      | Reached XP level 5. HP: 37/37 MP: 5/5
  2852 | D:4      | Identified the +12 flail of Desperation {pain, rC+ Int+3
                  | Stlth+}
  2874 | D:4      | HP: 2/55 [poisoned by an adder]
  2875 | D:4      | Succumbed to an adder's poison

Illustrated notes

Levels and vault maps discovered:
D:1:      dpeg_arrival_windows_large_door, layout_basic, serial_shops, shop,
          chequers_serial_rivers_small_3
D:2:      layout_loops_ring
D:3:      due_chaos_kobolds, layout_basic, hellmonk_ecumenical_altar_run_dry,
          grunt_ministairs_11, minmay_shallow_snake_nest, uniq_terence
D:4:      layout_basic

Skill      XL: |  1  2  3  4 |
---------------+-------------+-----
Stealth        | 1 |  1.6
Long Blades    | 4 |  4.0
Fighting       | |  3.7
Armour         | |  2.5
Dodging        | |  2.6

Action                     |  1- 3 |  4- 6 || total
---------------------------+-------+-------++-------
  Melee: Falchion          |   110 |    61 ||   171
         Kick              |     2 |    14 ||    16
 Invoke: Berserk           |       |     3 ||     3
         Trog's Hand       |       |     1 ||     1
    Use: Scroll            |     2 |     2 ||     4
         Potion            |     1 |       ||     1
 Armour: Animal skin       |    10 |       ||    10
         Scale mail        |    50 |    43 ||    93
  Dodge: Dodged            |    62 |    41 ||   103

Table legend: (Time is in decaauts)
 A = Elapsed time spent in this place.
 B = Non-inter-level travel time spent in this place.
 C = Inter-level travel time spent in this place.
 D = Time resting spent in this place.
 E = Time spent auto-exploring this place.
 F = Levels seen in this place.
 G = Mean time per level.
                   A        B        C        D        E       F      G
               +--------+--------+--------+--------+--------+-----+--------+
         Total |   2919 |   2740 |    179 |    561 |   1397 |   4 |  729.8 |
       Dungeon |   2919 |   2740 |    179 |    561 |   1397 |   4 |  729.8 |
               +--------+--------+--------+--------+--------+-----+--------+

Top non-repeatable levels by time:
     D:3: 1287 daAuts
     D:1: 790 daAuts
     D:2: 730 daAuts
     D:4: 111 daAuts
